 Dungeon Crawl Stone Soup version 0.19-a0-747-g9c36c40 (webtiles) character file.

47 Gottschkopf the Conjurer (level 3, 0/26 HPs)
             Began as a Draconian Conjurer on June 24, 2016.
             Slain by a gnoll
             ... wielding a +0 club
              (7 damage)
             ... on level 2 of the Dungeon.
             The game lasted 00:02:37 (1365 turns).

Gottschkopf the Conjurer (Draconian Conjurer)       Turns: 1365, Time: 00:02:38

Health: 0/26       AC:  5    Str: 10    XL:     3   Next: 48%
Magic:  0/8        EV: 12    Int: 16    God:
Gold:   21         SH:  0    Dex: 11    Spells: 2 memorised, 6 levels left

rFire  . . .     SeeInvis .     c - -2 mace (curse)
rCold  . . .     Gourm    .     (armour unavailable)
rNeg   . . .     Faith    .     (no shield)
rPois  .         Spirit   .     (helmet restricted)
rElec  .         Dismiss  .     (no cloak)
rCorr  .         Reflect  .     (no gloves)
SustAt .         Harm     .     (no boots)
MR     .....                    (no amulet)
Stlth  ++........               (no ring)
                                (no ring)

@: not resistant to hostile enchantments, unstealthy
A: unfitting armour, cold-blooded, AC +5
a: no special abilities


You were on level 2 of the Dungeon.
You were not hungry.

You visited 1 branch of the dungeon, and saw 2 of its levels.

You collected 21 gold pieces.

Inventory:

Hand Weapons
 c - a cursed -2 mace (weapon)
 f - a +0 dagger
Potions
 e - a potion of ambrosia
 h - a potion of degeneration {unknown}
 j - a potion of haste {unknown}
Books
 a - a book of Conjurations

   Spells                             Type                      Level
   a - Magic Dart                     Conjuration                  1
   b - Searing Ray                    Conjuration                  2
   c - Dazzling Spray                 Conjuration/Hexes            3
   d - Fulminant Prism                Conjuration/Hexes            4
   e - Iskenderun's Mystic Blast      Conjuration                  4
   f - Iskenderun's Battlesphere      Conjuration/Charms           5
Comestibles
 b - a bread ration
 d - a chunk of flesh
 g - a slice of pizza


   Skills:
 - Level 1.7 Dodging
 - Level 1.7 Stealth
 + Level 3.6 Spellcasting
 - Level 4.0 Conjurations


You had 6 spell levels left.
You knew the following spells:

 Your Spells              Type           Power        Failure   Level  Hunger
a - Magic Dart            Conj           ###.         4%          1    None
b - Searing Ray           Conj           ###...       8%          2    ##.....


Dungeon Overview and Level Annotations

Branches:
Dungeon (2/15)

Altars:
Gozag


Innate Abilities, Weirdness & Mutations

Your plain brown scales are hard. (AC +5)
Your body does not fit into most forms of armour.
You are cold-blooded and may be slowed by cold attacks.


Message History

The gnoll is moderately wounded.
The gnoll hits you with a club!
Casting: Magic Dart
Confirm with . or Enter, or press ? or * to list all spells.
Aiming: Magic Dart
Press: ? - help, Shift-Dir - straight line, f/p - gnoll
Aim: a gnoll, wielding a club (moderately wounded)
The magic dart hits the gnoll.
The gnoll is severely wounded.
The gnoll hits you with a club!
* * * LOW HITPOINT WARNING * * *
Casting: Magic Dart
Confirm with . or Enter, or press ? or * to list all spells.
Aiming: Magic Dart
Press: ? - help, Shift-Dir - straight line, f/p - gnoll
Aim: a gnoll, wielding a club (severely wounded)
The magic dart hits the gnoll.
The gnoll is severely wounded.
The gnoll hits you with a club!
You die...

...........(.
...........# #.........#
#..........
#.......#.#.#
#.......#.#.#
#...g...#.#.#
####..###.#.#
#...#.###@#.#
..####...#..##g#.# #
.........##.##...###....
.###...###.....)...#
#...#...........#
#)..#.##........#
#.#.#.#<........[..
#.#.#.##...#####.##
###.###......# .#


You could see a gnoll.

Vanquished Creatures
  A gnoll (D:2)
  An adder (D:2)
  4 giant cockroaches (D:1)
  3 goblins (D:1)
  3 hobgoblins
  3 kobolds (D:1)
  A ball python (D:1)
  5 bats (D:1)
  2 giant newts (D:1)
  7 rats
30 creatures vanquished.

Notes
Turn   | Place    | Note
--------------------------------------------------------------
     0 | D:1      | Gottschkopf the Draconian Conjurer began the quest for the Orb.
     0 | D:1      | Reached XP level 1. HP: 14/14 MP: 3/3
   391 | D:1      | Reached XP level 2. HP: 20/20 MP: 0/5
  1245 | D:2      | Reached XP level 3. HP: 26/26 MP: 1/7
  1258 | D:2      | Learned a level 2 spell: Searing Ray
  1326 | D:2      | Found an opulent altar of Gozag.
  1365 | D:2      | Slain by a gnoll

Vault maps used:
D:1:      evilmike_arrival_rings
D:2:      ecumenical_altar_1, grunt_gozag_statues

Skill      XL: |  1  2 |
---------------+-------+-----
Spellcasting   | 3 |  3.6
Dodging        | |  1.7
Stealth        | |  1.7
Conjurations   | |  4.0

Action                   || total
-------------------------++-------
Melee: Unarmed           ||    15
       Club              ||     4
       Dagger            ||     7
       Mace              ||    15
       Tailslap          ||     4
 Cast: Magic Dart        ||    55
  Use: Scroll            ||     2
 Stab: Sleeping          ||     1
  Eat: Chunk             ||     2
Armor: Skin              ||    10
Dodge: Dodged            ||    38
